 Dungeon Crawl Stone Soup version 0.26-a0-712-ga5a9c9c9d0 (webtiles) character file.

Game seed: 11207263664844779464

58 mattiecakes the Skirmisher (level 4, -2/37 HPs)
             Began as a Barachi Fighter on Nov 1, 2020.
             Slain by Crazy Yiuf
             ... wielding a +4 quarterstaff of chaos
              (10 damage)
             ... on level 2 of the Dungeon.
             The game lasted 00:02:25 (1421 turns).

mattiecakes the Skirmisher (Barachi Fighter)        Turns: 1421, Time: 00:02:26

Health: -2/37      AC:  8    Str: 18    XL:     4   Next: 1%
Magic:  4/4        EV:  8    Int:  8    God:
Gold:   105        SH:  9    Dex: 12    Spells: 3/3 levels left

rFire    . . .     SeeInvis .   a - +0 war axe
rCold    . . .     Faith    .   c - +0 kite shield
rNeg     . . .     Spirit   .   b - +0 scale mail
rPois    .         Reflect  .   (no helmet)
rElec    .         Harm     .   (no cloak)
rCorr    .         Rampage  .   (no gloves)
MR       .....                  k - +0 pair of boots
Stlth    ..........             (no amulet)
HPRegen  0.12/turn              (no ring)
MPRegen  0.09/turn              (no ring)

@: slow
A: +LOS, swims, slowness 1, strong legs 1
a: Hop


You were on level 2 of the Dungeon.
You visited 1 branch of the dungeon, and saw 2 of its levels.

You collected 105 gold pieces.

Inventory:

Hand Weapons
 a - a +0 war axe (weapon)
Armour
 b - a +0 scale mail (worn)
 c - a +0 kite shield (worn)
 k - a +0 pair of boots (worn)
Scrolls
 e - a scroll of magic mapping {unknown}
 f - 2 scrolls of identify {unknown}
 g - a scroll of noise {unknown}
 i - a scroll of random uselessness {unknown}
 l - a scroll of fear {unknown}
 m - a scroll of teleportation {unknown}
 n - a scroll of fog {unknown}
Potions
 d - 2 potions of might
 h - a potion of haste {unknown}
 j - a potion of stabbing {unknown}


   Skills:
 + Level 4.1 Fighting
 + Level 2.8 Axes
 + Level 4.1 Armour
 + Level 1.4 Dodging
 + Level 3.7 Shields


You had 3 spell levels left.
You didn't know any spells.
Your spell library was empty.

Dungeon Overview and Level Annotations

Branches:
Dungeon (2/15)

Altars:
Elyvilon

Annotations:
D:2 Crazy Yiuf


Innate Abilities, Weirdness & Mutations

You can be seen from farther away. (+LOS)
You can swim through water.
You cover ground slowly.
You can hop short distances.


Message History

Crazy Yiuf freezes you.
* * * LOW HITPOINT WARNING * * *
You barely miss Crazy Yiuf.
Crazy Yiuf is heavily wounded.
Crazy Yiuf screams, "Adder Hive turtle!"
You block Crazy Yiuf's attack. Crazy Yiuf hits you but does no damage.
You hit Crazy Yiuf.
Crazy Yiuf is severely wounded.
You block Crazy Yiuf's attack.
You completely miss Crazy Yiuf.
Crazy Yiuf is severely wounded.
Crazy Yiuf barely misses you.
You barely miss Crazy Yiuf.
Crazy Yiuf is severely wounded.
Crazy Yiuf barely misses you.
You closely miss Crazy Yiuf.
Crazy Yiuf is severely wounded.
Crazy Yiuf laughs, "Peeping!
Rot koolooloo senile."
Crazy Yiuf hits you with a +4 quarterstaff of chaos!
You die...

### #### #.. ...# #.. ...# #..
...# ### ♣♣#### ##.. ...# #)..#♣♣
♣♣P.#.####... ...#
#...g@♣♣♣♣PP....#..... ...#######
#...#♣..♣.PP......#... .........#
### ♣♣♣.♣...####.#.## .........#
♣♣♣♣♣###...#... .........#
#......#.
.........#####################...
.###..####...........##.# ###...
.# #....##..............####.....
.# #....###.........#.###....#...


You could see Crazy Yiuf.

Vanquished Creatures
  Robin (D:2)
  An ooze (D:1)
  A worm (D:2)
  A dart slug (D:1)
  2 leopard geckos
  A ball python (D:2)
  3 bats (D:1)
  A giant cockroach (D:2)
  8 goblins
  6 hobgoblins
  3 kobolds
  A frilled lizard (D:2)
  2 rats
31 creatures vanquished.

Notes
Turn   | Place    | Note
-------+----------+-------------------------------------------
     0 | D:1      | mattiecakes the Barachi Fighter began the quest for the
                  | Orb.
     0 | D:1      | Reached XP level 1. HP: 18/18 MP: 1/1
   147 | D:1      | Reached XP level 2. HP: 21/25 MP: 2/2
   513 | D:1      | Reached skill level 1 in Dodging
   543 | D:1      | Reached XP level 3. HP: 30/30 MP: 3/3
   907 | D:2      | Found a runed translucent door.
   908 | D:2      | Noticed Crazy Yiuf
  1045 | D:2      | Noticed Robin
  1055 | D:2      | Killed Robin
  1289 | D:2      | Found a white marble altar of Elyvilon.
  1361 | D:2      | Reached XP level 4. HP: 37/37 MP: 4/4
  1421 | D:2      | Slain by Crazy Yiuf

Illustrated notes

Levels and vault maps discovered:
D:1:      nicolae_arrival_washed_ashore, layout_basic
D:2:      layout_rooms, elyvilon_altar_5, grunt_decor_resistance, uniq_robin,
          uniq_crazy_yiuf_cottage

Skill      XL: |  1  2  3 |
---------------+----------+-----
Dodging        | 1 |  1.4
Armour         | 4 |  4.1
Fighting       | 4 |  4.1
Axes           | |  2.8
Shields        | |  3.7

Action                   |  1- 3 |  4- 6 || total
-------------------------+-------+-------++-------
Melee: War axe           |    76 |    10 ||    86
Armor: Scale mail        |    36 |     2 ||    38
Dodge: Dodged            |    29 |     3 ||    32
Block: Kite shield       |    29 |     3 ||    32

Table legend: (Time is in decaauts)
 A = Elapsed time spent in this place.
 B = Non-inter-level travel time spent in this place.
 C = Inter-level travel time spent in this place.
 D = Time resting spent in this place.
 E = Time spent auto-exploring this place.
 F = Levels seen in this place.
 G = Mean time per level.
                   A        B        C        D        E       F      G
               +--------+--------+--------+--------+--------+-----+--------+
         Total |   1654 |   1562 |     92 |    102 |   1245 |   2 |  827.0 |
       Dungeon |   1654 |   1562 |     92 |    102 |   1245 |   2 |  827.0 |
               +--------+--------+--------+--------+--------+-----+--------+

Top non-repeatable levels by time:
     D:1: 923 daAuts
     D:2: 731 daAuts
